| TOP OF THE 1ST |
|
Cincinnati (NYP) Reds batting - Pitching for Eugene Emeralds : RHP Robbie Schoen
|
|
Pitching: RHP Robbie Schoen
|
|
|
Batting: LHB Jason Pirkle
|
0-0: Called Strike 0-1: Ground out 6-3 (Groundball, 6, EV 80.6 MPH)
|
|
Batting: RHB Cyd Carver
|
0-0: Ball 1-0: Ball 2-0: DOUBLE (Line Drive, 7LM, EV 108.8 MPH)
|
|
Batting: LHB Matthew Berry
|
0-0: Foul Ball, location: 2F 0-1: Ball 1-1: Ball 2-1: Ball 3-1: Foul Ball, location: 2F 3-2: Base on Balls
|
|
Batting: LHB Brian Dickeson
|
0-0: SINGLE (Groundball, 34D, EV 98.8 MPH) Cyd Carver to third Matthew Berry to second Runner from 3rd tries for Home, SAFE, throw by RF to home
|
|
Batting: SHB Tim Utz
|
0-0: Ball Wild Pitch! Matthew Berry to third Brian Dickeson to second 1-0: Foul Ball, location: 2F 1-1: Foul Ball, location: 2F 1-2: Foul Ball, location: 2F 1-2: Ground out U3 (Groundball, 3L, EV 91.2 MPH)
|
|
Batting: SHB Cesar Pelayo
|
0-0: Ball 1-0: Foul Ball, location: 2F 1-1: Ball 2-1: DOUBLE (Line Drive, 7LM, EV 100.0 MPH) Matthew Berry scores Brian Dickeson scores
|
|
Batting: RHB Yasusaburo Kuwahara
|
0-0: Ball 1-0: Called Strike 1-1: Ball 2-1: Swinging Strike 2-2: Strikes out looking
|
| Top of the 1st over - 3 runs, 3 hits, 0 errors, 1 left on base; Cincinnati (NYP) 3 - Eugene 0 |
| BOTTOM OF THE 1ST |
|
Eugene Emeralds batting - Pitching for Cincinnati (NYP) Reds : LHP Jesus Perez
|
|
Pitching: LHP Jesus Perez
|
|
|
Batting: RHB Du Kim
|
0-0: Ball 1-0: Ball 2-0: Ball 3-0: Called Strike 3-1: Swinging Strike 3-2: Ground out 5-3 (Groundball, 56, EV 89.4 MPH)
|
|
Batting: RHB Ricky Ramirez
|
0-0: Ball 1-0: Swinging Strike 1-1: Called Strike 1-2: Ball 2-2: Strikes out swinging
|
|
Batting: RHB Mike Hill
|
0-0: Called Strike 0-1: Swinging Strike 0-2: Strikes out looking
|
| Bottom of the 1st over - 0 runs, 0 hits, 0 errors, 0 left on base; Cincinnati (NYP) 3 - Eugene 0 |
| TOP OF THE 2ND |
|
Cincinnati (NYP) Reds batting - Pitching for Eugene Emeralds : RHP Robbie Schoen
|
|
Batting: LHB Akira Yamano
|
0-0: Called Strike 0-1: Swinging Strike 0-2: Ball 1-2: Strikes out swinging
|
|
Batting: RHB R.J. Romberg
|
0-0: Ball 1-0: Foul Ball, location: 2F 1-1: Foul Ball, location: 2F 1-2: Foul Ball, location: 2F 1-2: Foul Ball, location: 2F 1-2: Ball 2-2: Foul Ball, location: 2F 2-2: Hit by Pitch
|
|
Batting: LHB Jason Pirkle
|
0-0: Ball 1-0: Foul Ball, location: 2F 1-1: Ball 2-1: SINGLE (Line Drive, 7LS, EV 111.2 MPH) R.J. Romberg to second
|
|
Batting: RHB Cyd Carver
|
0-0: Foul Ball, location: 2F 0-1: Grounds into double play, 4-6-3 (Groundball, 13, EV 89.4 MPH)
|
| Top of the 2nd over - 0 runs, 1 hit, 0 errors, 1 left on base; Cincinnati (NYP) 3 - Eugene 0 |
| BOTTOM OF THE 2ND |
|
Eugene Emeralds batting - Pitching for Cincinnati (NYP) Reds : LHP Jesus Perez
|
|
Batting: RHB Adrian Cox
|
0-0: Called Strike 0-1: Swinging Strike 0-2: Fly out, F9 (Flyball, 89S, EV 87.5 MPH)
|
|
Batting: RHB Jorge Lagunas
|
0-0: Ball 1-0: Called Strike 1-1: Ball 2-1: Called Strike 2-2: SINGLE (Line Drive, 78S, EV 106.9 MPH)
|
|
Batting: LHB Emir Jalil
|
0-0: Called Strike 0-1: Swinging Strike 0-2: Fly out, F2 (Popup, 2L, EV 93.1 MPH)
|
|
Batting: RHB Bill Holmes
|
0-0: Called Strike 0-1: Foul Ball, location: 2F 0-2: Ball Wild Pitch! Jorge Lagunas to second 1-2: Foul Ball, location: 2F 1-2: Ball 2-2: Ball 3-2: Fly out, F8 (Flyball, 8RS, EV 86.9 MPH)
|
| Bottom of the 2nd over - 0 runs, 1 hit, 0 errors, 1 left on base; Cincinnati (NYP) 3 - Eugene 0 |
| TOP OF THE 3RD |
|
Cincinnati (NYP) Reds batting - Pitching for Eugene Emeralds : RHP Robbie Schoen
|
|
Batting: LHB Matthew Berry
|
0-0: Ball 1-0: Ball 2-0: Called Strike 2-1: Foul Ball, location: 2F 2-2: SINGLE (Line Drive, 9LS, EV 91.9 MPH)
|
|
Batting: LHB Brian Dickeson
|
0-0: Ball 1-0: Foul Ball, location: 2F 1-1: Ball 2-1: Foul Ball, location: 2F 2-2: Foul Ball, location: 2F 2-2: Strikes out swinging
|
|
Batting: SHB Tim Utz
|
0-0: Called Strike 0-1: Ball 1-1: Swinging Strike 1-2: Ball 2-2: Ball 3-2: Foul Ball, location: 2F 3-2: Strikes out swinging
|
|
Batting: SHB Cesar Pelayo
|
0-0: Called Strike 0-1: Swinging Strike 0-2: Ball 1-2: Fielders Choice at 2nd, 6-4 (Groundball, 6, EV 88.8 MPH)
|
| Top of the 3rd over - 0 runs, 1 hit, 0 errors, 1 left on base; Cincinnati (NYP) 3 - Eugene 0 |
| BOTTOM OF THE 3RD |
|
Eugene Emeralds batting - Pitching for Cincinnati (NYP) Reds : LHP Jesus Perez
|
|
Batting: RHB David Bousfield
|
0-0: SINGLE (Flyball, 5D, EV 86.2 MPH)
|
|
Batting: RHB Gilberto Alvarado
|
0-0: Called Strike 0-1: Ball 1-1: Foul Ball, location: 2F 1-2: Fielders Choice at 2nd, 3-6 (Groundball, 34S, EV 91.2 MPH)
|
|
Batting: RHB Du Kim
|
0-0: Called Strike 0-1: Ball 1-1: SINGLE (Line Drive, 56D, EV 101.2 MPH) Gilberto Alvarado to second
|
|
Batting: RHB Ricky Ramirez
|
0-0: Foul Ball, location: 2F 0-1: Ball Wild Pitch! Gilberto Alvarado to third Du Kim to second 1-1: Ball 2-1: Foul Ball, location: 2F 2-2: Ground out 6-3 (Groundball, 56, EV 110.0 MPH) Gilberto Alvarado scores
|
|
Batting: RHB Mike Hill
|
0-0: Foul Ball, location: 2F 0-1: Foul Ball, location: 2F 0-2: Fly out, F9 (Flyball, 9, EV 89.4 MPH)
|
| Bottom of the 3rd over - 1 run, 2 hits, 0 errors, 1 left on base; Cincinnati (NYP) 3 - Eugene 1 |
| TOP OF THE 4TH |
|
Cincinnati (NYP) Reds batting - Pitching for Eugene Emeralds : RHP Robbie Schoen
|
|
Batting: RHB Yasusaburo Kuwahara
|
0-0: Called Strike 0-1: Swinging Strike 0-2: Strikes out swinging
|
|
Batting: LHB Akira Yamano
|
0-0: Ball 1-0: Ground out 6-3 (Groundball, 6, EV 101.9 MPH)
|
|
Batting: RHB R.J. Romberg
|
0-0: Ball 1-0: Ground out 6-3 (Groundball, 56, EV 78.8 MPH)
|
| Top of the 4th over - 0 runs, 0 hits, 0 errors, 0 left on base; Cincinnati (NYP) 3 - Eugene 1 |
| BOTTOM OF THE 4TH |
|
Eugene Emeralds batting - Pitching for Cincinnati (NYP) Reds : LHP Jesus Perez
|
|
Batting: RHB Adrian Cox
|
0-0: Ground out 1-3 (Groundball, 13S, EV 61.2 MPH)
|
|
Batting: RHB Jorge Lagunas
|
0-0: Foul Ball, location: 2F 0-1: Ball 1-1: Foul Ball, location: 2F 1-2: Ball 2-2: Strikes out swinging
|
|
Batting: LHB Emir Jalil
|
0-0: Ball 1-0: Ball 2-0: Ball 3-0: Foul Ball, location: 2F 3-1: Foul Ball, location: 2F 3-2: SINGLE (Line Drive, 6D, EV 103.1 MPH)
|
|
Batting: RHB Bill Holmes
|
0-0: Called Strike 0-1: Ball 1-1: DOUBLE (Flyball, 8LXD, EV 106.2 MPH) Emir Jalil to third Runner from 3rd tries for Home, SAFE, throw by CF to home
|
|
Batting: RHB David Bousfield
|
0-0: Foul Ball, location: 2F 0-1: Ground out 6-3 (Groundball, 6, EV 101.2 MPH)
|
| Bottom of the 4th over - 1 run, 2 hits, 0 errors, 1 left on base; Cincinnati (NYP) 3 - Eugene 2 |
| TOP OF THE 5TH |
|
Cincinnati (NYP) Reds batting - Pitching for Eugene Emeralds : RHP Robbie Schoen
|
|
Batting: LHB Jason Pirkle
|
0-0: Ball 1-0: Ball 2-0: Called Strike 2-1: DOUBLE (Line Drive, 78D, EV 113.8 MPH)
|
|
Batting: RHB Cyd Carver
|
0-0: Ball 1-0: Ball 2-0: Ball 3-0: Called Strike 3-1: Base on Balls
|
|
Pitching: RHP Carsten Kosters
|
|
|
Batting: LHB Matthew Berry
|
0-0: Ball 1-0: Fly out, F7 (Flyball, 78S, EV 86.9 MPH)
|
|
Batting: LHB Brian Dickeson
|
0-0: Called Strike 0-1: Foul Ball, location: 2F 0-2: Foul Ball, location: 2F 0-2: Ball 1-2: Ball 2-2: Ball 3-2: Foul Ball, location: 2F 3-2: Fielders Choice at 2nd, 3-6 (Groundball, 3, EV 83.8 MPH) Jason Pirkle to third
|
|
Batting: SHB Tim Utz
|
0-0: Ball Wild Pitch! Jason Pirkle scores Brian Dickeson to second 1-0: Ground out U3 (Groundball, 34, EV 88.1 MPH)
|
| Top of the 5th over - 1 run, 1 hit, 0 errors, 1 left on base; Cincinnati (NYP) 4 - Eugene 2 |
| BOTTOM OF THE 5TH |
|
Eugene Emeralds batting - Pitching for Cincinnati (NYP) Reds : LHP Jesus Perez
|
|
Batting: RHB Gilberto Alvarado
|
0-0: Foul Ball, location: 2F 0-1: Foul Ball, location: 2F 0-2: Ground out 1-3 (Groundball, 13, EV 68.1 MPH)
|
|
Batting: RHB Du Kim
|
0-0: Fly out, F7 (Flyball, 7, EV 89.4 MPH)
|
|
Batting: RHB Ricky Ramirez
|
0-0: Ball 1-0: Called Strike 1-1: SINGLE (Groundball, 34D, EV 106.9 MPH)
|
|
Batting: RHB Mike Hill
|
0-0: Ball 1-0: Ball 2-0: SINGLE (Line Drive, 4M, EV 94.4 MPH) Ricky Ramirez to second
|
|
Batting: RHB Adrian Cox
|
0-0: Ball 1-0: Fly out, F7 (Line Drive, 7LM, EV 100.0 MPH)
|
| Bottom of the 5th over - 0 runs, 2 hits, 0 errors, 2 left on base; Cincinnati (NYP) 4 - Eugene 2 |
| TOP OF THE 6TH |
|
Cincinnati (NYP) Reds batting - Pitching for Eugene Emeralds : RHP Carsten Kosters
|
|
Batting: SHB Cesar Pelayo
|
0-0: Ball 1-0: Ball 2-0: Ball 3-0: Called Strike 3-1: Base on Balls
|
|
Pitching: RHP Reginald Bamber
|
|
|
Batting: RHB Yasusaburo Kuwahara
|
0-0: Ball 1-0: Called Strike 1-1: Ball 2-1: Ball 3-1: Foul Ball, location: 2F 3-2: Foul Ball, location: 2F 3-2: Foul Ball, location: 2F 3-2: Foul Ball, location: 2F 3-2: Base on Balls Cesar Pelayo to second
|
|
Batting: LHB Akira Yamano
|
0-0: Ball 1-0: Fielders Choice at 2nd, 1-6 (Groundball, 34S, EV 66.9 MPH) Cesar Pelayo to third
|
|
Batting: RHB R.J. Romberg
|
0-0: Ball 1-0: Ball 2-0: Swinging Strike 2-1: Foul Ball, location: 2F 2-2: Ball 3-2: Fly out, F8 (Flyball, 8LS, EV 88.8 MPH)
|
|
Batting: LHB Jason Pirkle
|
0-0: Ball 1-0: Reached on error, E5 (Groundball, 56, EV 91.2 MPH) Cesar Pelayo scores Akira Yamano to second
|
|
Batting: RHB Cyd Carver
|
0-0: Ball 1-0: Called Strike Balk! Akira Yamano to third Jason Pirkle to second 1-1: Swinging Strike 1-2: Foul Ball, location: 2F 1-2: Ball 2-2: Strikes out swinging
|
| Top of the 6th over - 1 run, 0 hits, 1 error, 2 left on base; Cincinnati (NYP) 5 - Eugene 2 |
| BOTTOM OF THE 6TH |
|
Eugene Emeralds batting - Pitching for Cincinnati (NYP) Reds : LHP Jesus Perez
|
|
Batting: RHB Jorge Lagunas
|
0-0: Ball 1-0: SINGLE (Groundball, 56D, EV 100.6 MPH)
|
|
Batting: LHB Emir Jalil
|
0-0: Called Strike 0-1: Ball 1-1: Swinging Strike 1-2: Ball 2-2: Grounds into double play, 4-6-3 (Groundball, 4MD, EV 81.9 MPH)
|
|
Batting: RHB Bill Holmes
|
0-0: Ball 1-0: Ball 2-0: Ball 3-0: Base on Balls
|
|
Batting: RHB David Bousfield
|
0-0: Foul Ball, location: 2F 0-1: Foul Ball, location: 2F 0-2: Strikes out swinging
|
| Bottom of the 6th over - 0 runs, 1 hit, 0 errors, 1 left on base; Cincinnati (NYP) 5 - Eugene 2 |
| TOP OF THE 7TH |
|
Cincinnati (NYP) Reds batting - Pitching for Eugene Emeralds : RHP Reginald Bamber
|
|
Batting: LHB Matthew Berry
|
0-0: Called Strike 0-1: Ball 1-1: Foul Ball, location: 2F 1-2: Ball 2-2: Ball 3-2: Base on Balls
|
|
Batting: LHB Brian Dickeson
|
0-0: Ball 1-0: Called Strike 1-1: Ball 2-1: Called Strike 2-2: Strikes out swinging
|
|
Pitching: RHP Brian Jarrett
|
|
|
Batting: SHB Tim Utz
|
0-0: Fly out, F8 (Flyball, 8RXD, EV 103.1 MPH)
|
|
Batting: SHB Cesar Pelayo
|
0-0: Foul Ball, location: 2F 0-1: Swinging Strike 0-2: Strikes out swinging
|
| Top of the 7th over - 0 runs, 0 hits, 0 errors, 1 left on base; Cincinnati (NYP) 5 - Eugene 2 |
| BOTTOM OF THE 7TH |
|
Eugene Emeralds batting - Pitching for Cincinnati (NYP) Reds : LHP Jesus Perez
|
|
Batting: RHB Gilberto Alvarado
|
0-0: Reached on error, E1 (Groundball, 15S, EV 66.9 MPH)
|
|
Batting: RHB Du Kim
|
0-0: Called Strike 0-1: Ball 1-1: Foul Ball, location: 2F 1-2: Ball 2-2: Foul Ball, location: 2F 2-2: Foul Ball, location: 2F 2-2: Strikes out swinging
|
|
Batting: RHB Ricky Ramirez
|
0-0: SINGLE (Line Drive, 9S, EV 90.6 MPH) Gilberto Alvarado to third Runner from 3rd tries for Home, throw by RF and OUT! 9-2 Ricky Ramirez to second
|
|
Batting: RHB Mike Hill
|
0-0: Ball 1-0: Ball 2-0: Ball 3-0: Called Strike 3-1: Called Strike 3-2: Ground out 6-3 (Groundball, 6, EV 89.4 MPH)
|
| Bottom of the 7th over - 0 runs, 1 hit, 1 error, 1 left on base; Cincinnati (NYP) 5 - Eugene 2 |
| TOP OF THE 8TH |
|
Cincinnati (NYP) Reds batting - Pitching for Eugene Emeralds : RHP Brian Jarrett
|
|
Batting: RHB Yasusaburo Kuwahara
|
0-0: Ball 1-0: Foul Ball, location: 2F 1-1: Foul Ball, location: 2F 1-2: Fly out, F7 (Flyball, 78S, EV 85.0 MPH)
|
|
Batting: LHB Akira Yamano
|
0-0: Ball 1-0: Called Strike 1-1: Ball 2-1: Ball 3-1: Base on Balls
|
|
Batting: RHB R.J. Romberg
|
0-0: Called Strike 0-1: Ball 1-1: Ball 2-1: Swinging Strike 2-2: Foul Ball, location: 2F 2-2: Strikes out swinging
|
|
Batting: LHB Jason Pirkle
|
0-0: DOUBLE (Flyball, 8RXD, EV 96.9 MPH) Akira Yamano to third
|
|
Batting: RHB Cyd Carver
|
0-0: Ball 1-0: Called Strike 1-1: Ball 2-1: Foul Ball, location: 2F 2-2: Ball 3-2: Foul Ball, location: 2F 3-2: Strikes out swinging
|
| Top of the 8th over - 0 runs, 1 hit, 0 errors, 2 left on base; Cincinnati (NYP) 5 - Eugene 2 |
| BOTTOM OF THE 8TH |
|
Eugene Emeralds batting - Pitching for Cincinnati (NYP) Reds : LHP Jesus Perez
|
|
Pitching: RHP Calisto Morda
|
|
|
Batting: RHB Adrian Cox
|
0-0: Ball 1-0: Ball 2-0: Called Strike 2-1: DOUBLE (Flyball, 78D, EV 90.6 MPH)
|
|
Batting: RHB Jorge Lagunas
|
0-0: Ball 1-0: Called Strike 1-1: Called Strike 1-2: Strikes out swinging
|
|
Batting: LHB Emir Jalil
|
0-0: Called Strike 0-1: 2-RUN HOME RUN (Flyball, 78XD, EV 95.6 MPH), Distance : 382 ft
|
|
Batting: RHB Bill Holmes
|
0-0: Ball 1-0: Called Strike 1-1: Ground out 4-3 (Groundball, 4M, EV 101.9 MPH)
|
|
Pinch Hitting: RHB Mike Larson
|
0-0: Fly out, F8 (Flyball, 8LXD, EV 99.4 MPH)
|
| Bottom of the 8th over - 2 runs, 2 hits, 0 errors, 0 left on base; Cincinnati (NYP) 5 - Eugene 4 |
| TOP OF THE 9TH |
|
Cincinnati (NYP) Reds batting - Pitching for Eugene Emeralds : RHP Brian Jarrett
|
|
Pitching: RHP Victor de Leon
|
|
|
Now at SS: Dan Orozco
|
|
|
Batting: LHB Matthew Berry
|
0-0: Swinging Strike 0-1: Swinging Strike 0-2: Strikes out looking
|
|
Batting: LHB Brian Dickeson
|
0-0: Foul Ball, location: 2F 0-1: Foul Ball, location: 2F 0-2: SOLO HOME RUN (Flyball, 7LD, EV 93.8 MPH), Distance : 343 ft
|
|
Batting: SHB Tim Utz
|
0-0: SOLO HOME RUN (Flyball, 8RXD, EV 105.0 MPH), Distance : 441 ft
|
|
Batting: SHB Cesar Pelayo
|
0-0: Swinging Strike 0-1: Foul Ball, location: 2F 0-2: Strikes out swinging
|
|
Batting: RHB Yasusaburo Kuwahara
|
0-0: Foul Ball, location: 2F 0-1: Foul Ball, location: 2F 0-2: Strikes out looking
|
| Top of the 9th over - 2 runs, 2 hits, 0 errors, 0 left on base; Cincinnati (NYP) 7 - Eugene 4 |
| BOTTOM OF THE 9TH |
|
Eugene Emeralds batting - Pitching for Cincinnati (NYP) Reds : RHP Calisto Morda
|
|
Pitching: RHP Josh Pugh
|
|
|
Batting: RHB Gilberto Alvarado
|
0-0: Foul Ball, location: 2F 0-1: Ball 1-1: Ball 2-1: Ball 3-1: Called Strike 3-2: Ground out 6-3 (Groundball, 6, EV 80.0 MPH)
|
|
Batting: RHB Du Kim
|
0-0: Ball 1-0: Ball 2-0: Ground out 6-3 (Groundball, 6, EV 81.9 MPH)
|
|
Batting: RHB Ricky Ramirez
|
0-0: SINGLE (Groundball, 4MD, EV 103.1 MPH)
|
|
Batting: RHB Mike Hill
|
0-0: Ball 1-0: Called Strike 1-1: Swinging Strike 1-2: Strikes out swinging
|
| Bottom of the 9th over - 0 runs, 1 hit, 0 errors, 1 left on base; Cincinnati (NYP) 7 - Eugene 4 |
|